 Dungeon Crawl Stone Soup version 0.26.1-2-gb8aa6d0cf2 (webtiles) character file.

Game seed: 15065117686244448841

143962 raph the Hoplite (level 16, -10/126 HPs)
             Began as a Minotaur Gladiator on Mar 25, 2021.
             Was the Champion of Makhleb.
             Killed from afar by a frost giant (18 damage)
             ... with a bolt of cold
             ... on level 2 of the Shoals.
             The game lasted 01:23:50 (44683 turns).

raph the Hoplite (Minotaur Gladiator)              Turns: 44683, Time: 01:23:51

Health: -10/126    AC: 33    Str: 25    XL:     16   Next: 84%
Magic:  22/22      EV:  9    Int:  5    God:    Makhleb [******]
Gold:   1497       SH: 32    Dex: 22    Spells: 15/15 levels left

rFire    + + +     SeeInvis .   a - +3 scimitar (flame)
rCold    . . .     Faith    .   t - +0 tower shield
rNeg     + . .     Spirit   .   n - +2 crystal plate armour
rPois    +         Reflect  +   c - +2 hat
rElec    .         Harm     .   h - +1 cloak {Will+}
rCorr    .         Rampage  .   l - +2 pair of gloves
Will     +++..                  w - +2 pair of boots of Broken Taboos {rN+}
Stlth    ..........             T - amulet of reflection
HPRegen  0.31/turn              m - ring "Olieph" {*Drain rPois rF+++ Will+ Str+3 Stlth+}
MPRegen  0.18/turn              V - +6 ring of dexterity

@: very slow
A: retaliatory headbutt, horns 2
a: Renounce Religion, Minor Destruction, Lesser Servant of Makhleb, Major
Destruction, Greater Servant of Makhleb


You were on level 2 of the Shoals.
You worshipped Makhleb.
Makhleb was exalted by your worship.
You visited 6 branches of the dungeon, and saw 27 of its levels.
You also visited: Ossuary and Volcano.

You collected 3661 gold pieces.
You spent 2164 gold pieces at shops.

Inventory:

Hand Weapons
 a - a +3 scimitar of flaming (weapon)
 b - a +0 hand crossbow
 y - a +5 long sword
 D - a +0 long sword
Missiles
 d - 4 throwing nets (quivered)
 r - 79 bolts
Armour
 c - a +2 hat (worn)
 h - a +1 cloak of willpower (worn)
 l - a +2 pair of gloves (worn)
 n - a +2 crystal plate armour (worn)
 t - a +0 tower shield (worn)
 w - the +2 pair of boots of Broken Taboos (worn) {rN+}
   (You bought it in a shop on level 7 of the Dungeon)

   It protects you from negative energy.
 Q - a +1 chain mail of fire resistance
Jewellery
 k - an uncursed amulet of guardian spirit
 m - the ring "Olieph" (left hand) {*Drain rPois rF+++ Will+ Str+3 Stlth+}
   (You bought it in a shop on level 5 of the Dungeon)

   [ring of willpower]

   It affects your strength (+3).
   It renders you almost immune to fire.
   It protects you from poison.
   It affects your willpower, your defense against some magical effects.
   It causes draining when unequipped.
   It makes you more stealthy.
 o - an uncursed ring of see invisible
 E - a +6 ring of strength
 K - the ring "Xaowysm" {Ice MP+9 Str+2 Int+4 Stlth+}
   (You acquired it on level 5 of the Lair of Beasts)

   [ring of ice]

   It enhances your ice magic.
   It affects your strength (+2).
   It affects your intelligence (+4).
   It makes you vulnerable to fire.
   It protects you from cold.
   It affects your magic capacity (+9).
   It makes you more stealthy.
 T - an amulet of reflection (around neck)
 V - a +6 ring of dexterity (right hand)
 W - an uncursed ring of positive energy
Wands
 v - a wand of digging (12)
 z - a wand of disintegration (67)
 H - a wand of enslavement (16)
 J - a wand of acid (9)
 L - a wand of polymorph (11)
 O - a wand of iceblast (13)
 S - a wand of flame (21)
Scrolls
 e - 2 scrolls of blinking
 i - 10 scrolls of remove curse
 j - 3 scrolls of fear
 p - 8 scrolls of teleportation
 A - 9 scrolls of amnesia
 N - 21 scrolls of identify
 X - 2 scrolls of magic mapping
Potions
 f - 9 potions of heal wounds
 g - 6 potions of flight
 q - 3 potions of curing
 s - 6 potions of lignification
 u - 2 potions of brilliance
 x - 3 potions of mutation
 F - 2 potions of resistance
 G - 3 potions of attraction
 I - a potion of invisibility
 M - a potion of cancellation
 P - 2 potions of berserk rage
 R - 2 potions of haste
 Y - 2 potions of magic
Miscellaneous
 B - a condenser vane
 Z - a tin of tremorstones (2/2)


   Skills:
 + Level 7.6 Fighting
 - Level 14.0 Long Blades
 * Level 4.0 Crossbows
 - Level 2.0 Throwing
 + Level 9.8 Armour
 - Level 6.2 Dodging
 - Level 25.0 Shields
 + Level 10.4 Invocations
 + Level 2.9 Evocations


You had 15 spell levels left.
You didn't know any spells.
Your spell library contained the following spells:

 Spells                   Type           Power        Failure   Level
 Corona                   Hex            0%           100%        1
 Foxfire                  Conj/Fire      0%           100%        1
 Magic Dart               Conj           0%           100%        1
 Shock                    Conj/Air       0%           100%        1
 Sting                    Tmut/Pois      0%           100%        1
 Summon Small Mammal      Summ           0%           100%        1
 Call Imp                 Summ           0%           100%        2
 Ensorcelled Hibernation  Hex/Ice        0%           100%        2
 Poisonous Vapours        Pois/Air       0%           100%        2
 Searing Ray              Conj           0%           100%        2
 Slow                     Hex            0%           100%        2
 Swiftness                Air            0%           100%        2
 Call Canine Familiar     Summ           0%           100%        3
 Confusing Touch          Hex            0%           100%        3
 Conjure Flame            Conj/Fire      0%           100%        3
 Dazzling Flash           Conj/Hex       0%           100%        3
 Gell's Gravitas          Tloc           0%           100%        3
 Ignite Poison            Fire/Tmut/Pois 0%           100%        3
 Inner Flame              Hex/Fire       0%           100%        3
 Mephitic Cloud           Conj/Pois/Air  0%           100%        3
 Portal Projectile        Hex/Tloc       0%           100%        3
 Static Discharge         Conj/Air       0%           100%        3
 Summon Guardian Golem    Hex/Summ       0%           100%        3
 Tukima's Dance           Hex            0%           100%        3
 Airstrike                Air            0%           100%        4
 Cause Fear               Hex            0%           100%        4
 Fulminant Prism          Conj/Hex       0%           100%        4
 Iskenderun's Mystic Bla  Conj/Tloc      0%           100%        4
 Leda's Liquefaction      Hex/Erth       0%           100%        4
 Olgreb's Toxic Radiance  Pois           0%           100%        4
 Petrify                  Tmut/Erth      0%           100%        4
 Sticky Flame             Conj/Fire      0%           100%        4
 Summon Ice Beast         Ice/Summ       0%           100%        4
 Summon Lightning Spire   Summ/Air       0%           100%        4
 Fireball                 Conj/Fire      0%           100%        5
 Lightning Bolt           Conj/Air       0%           100%        5
 Metabolic Englaciation   Hex/Ice        0%           100%        5
 Yara's Violent Unravell  Hex/Tmut       0%           100%        5
 Ignition                 Fire           0%           100%        8
 Shatter                  Erth           0%           100%        9
 Tornado                  Air            0%           100%        9


Dungeon Overview and Level Annotations

Branches:
Dungeon (15/15)            Temple (1/1) D:4            Lair (6/6) D:8
 Shoals (2/4) Lair:3       Spider (1/4) Lair:4        Slime (0/5) Lair:6
    Orc (2/2) D:12            Elf (0/3) Orc:2        Vaults (0/5) D:13
 Depths (0/5) D:15        Ossuary (visited)         Volcano (visited)

Altars:
Ashenzari
Cheibriados
Dithmenos
Elyvilon
Fedhas
Gozag
Hepliaklqana
Kikubaaqudgha
Makhleb
Nemelex Xobeh
Okawaru
Qazlal
Ru
Sif Muna
Trog
Uskayaw
Vehumet
Wu Jian
Xom
Yredelemnul
Zin
The Shining One

Shops:
D:5 =!([*   D:7 [   D:13 *   Orc:2 (}![[


Innate Abilities, Weirdness & Mutations

You reflexively headbutt those who attack you in melee.
You have a pair of horns on your head.


Message History

The frost giant is severely wounded.
The frost giant points at you and mumbles some strange words.
The bolt of cold hits you!!!
* * * LOW HITPOINT WARNING * * *
You hit the frost giant but do no damage.
You headbutt the frost giant, but do no damage.
The frost giant is severely wounded.
You are engulfed in freezing vapours.
You feel much better.
You are engulfed in freezing vapours.
You block the frost giant's attack.
A demon appears!
You are engulfed in freezing vapours.
The frost giant gestures at you while chanting.
The bolt of cold hits you but does no damage.
Unknown command.
The frost giant gestures at you while chanting.
The bolt of cold hits you!!
* * * LOW HITPOINT WARNING * * *
The frost giant gestures at you while chanting.
The bolt of cold hits you!!
You die...

≈≈≈≈≈≈≈≈≈≈≈≈≈≈≈≈≈≈≈≈≈≈≈≈≈≈≈≈≈≈≈≈
≈≈≈≈≈≈≈≈≈≈≈≈≈≈≈≈≈≈≈≈≈≈≈≈≈≈≈≈≈≈≈≈≈
≈≈≈≈≈≈≈≈≈≈≈≈≈≈≈≈≈≈≈≈≈≈≈≈≈≈≈≈≈≈≈≈≈
≈≈≈≈≈≈≈≈≈≈≈≈≈≈≈≈≈≈≈≈≈≈≈≈≈≈≈≈≈≈≈≈≈
≈≈≈≈≈≈≈≈≈≈≈≈≈≈≈≈≈≈≈≈≈≈≈≈≈≈≈≈≈≈≈≈≈
≈≈≈≈PP≈≈≈≈≈≈≈≈≈≈≈≈≈≈≈≈≈≈≈≈≈≈≈≈≈≈≈
≈≈≈≈≈≈PP≈≈≈≈≈≈≈≈((≈≈≈≈≈≈.≈≈≈≈≈≈≈≈
≈≈≈≈≈≈≈....≈≈(≈≈3(≈≈≈≈≈≈.≈≈≈≈≈≈X≈
≈≈≈≈≈P≈..#.≈≈○○○@○C≈≈≈≈≈≈≈≈≈≈≈≈≈≈
≈≈≈P≈......#######≈≈≈≈≈≈.≈≈≈≈≈≈≈≈
≈≈≈≈.....###8#≈#≈###...)..≈≈≈≈..≈
≈......)##≈≈≈≈≈≈≈≈≈##.).....≈≈≈.≈
......###≈≈≈≈≈≈≈≈≈≈≈##).)...≈.≈≈≈
..(.####≈C≈#######≈≈8#)))...≈.≈≈≈
....# ##≈≈# #≈≈##......≈≈≈≈≈
...## #8≈≈# #≈≈8#......≈≈≈≈≈
≈.)## ##≈≈# #≈≈##....(≈≈≈≈≈≈


You could see a frost giant and a friendly ynoxinul (summoned).

Vanquished Creatures
  Frances (Shoals:2)
  Gastronok (Lair:2)
  Kirke (Shoals:2)
  Donald (Shoals:2)
  A frost giant (Shoals:2)
  A very ugly thing (D:13)
  A stone giant (Shoals:2)
  4 dire elephants (Lair:6)
  A merfolk javelineer (Shoals:1)
  2 ettins
  2 fire dragons
  3 merfolk impalers
  Harold (D:7)
  3 catoblepae
  2 centaur warriors (D:13)
  A vault guard (D:13)
  3 hydras
  Erolcha (D:12)
  A boulder beetle (D:10)
  An anaconda (Lair:6)
  2 merfolk avatars (Shoals:2)
  A satyr (Shoals:2)
  2 death knights
  An ogre mage (D:15)
  4 two-headed ogres
  8 death yaks
  4 orc high priests (Orc:2)
  4 tengu warriors
  A hell knight (D:15)
  7 skeletal warriors
  A fire crab (shapeshifter) (D:13)
  4 sea snakes (Shoals:2)
  4 unseen horrors
  2 lindwurms
  2 wizards (D:13)
  Pikel (D:6)
  6 orc knights
  A deep elf archer (D:15)
  A phantasmal warrior (D:12)
  28 harpies
  3 fauns (Shoals:2)
  12 ugly things
  An oklob plant (Lair:6)
  A wolf spider (D:15)
  2 deep elf magi (D:15)
  4 manticores
  5 orc sorcerers
  6 cyclopes
  17 elephants
  4 black mambas
  A molten gargoyle (Volcano)
  3 gargoyles
  7 cane toads
  A torpor snail (Lair:6)
  14 komodo dragons
  An efreet (D:13)
  Maggie (D:7)
  3 freezing wraiths (D:12)
  A kobold demonologist (D:11)
  14 rime drakes
  A tengu conjurer (D:15)
  3 meliai (D:15)
  2 wind drakes (Shoals:2)
  11 merfolk
  9 trolls
  2 polar bears
  6 slime creatures (D:12)
  12 blink frogs
  14 dream sheep
  3 snapping turtles
  2 vampires
  49 yaks
  2 wraiths (D:15)
  A wyvern (Lair:2)
  5 water elementals
  A fire bat (Volcano)
  3 hogs (Shoals:2)
  6 basilisks
  Grum (Lair:1)
  13 steam dragons
  Edmund (D:4)
  A warg (Orc:2)
  Menkaure (D:4)
  2 acid dragons
  18 water moccasins
  A hell hound (Volcano)
  21 orc warriors
  An eye of draining (D:10)
  3 phantoms
  A hornet zombie (D:15)
  4 black bears
  6 ice beasts
  2 sky beasts
  2 necrophages
  6 ogres
  18 wolves
  5 centaurs
  4 lemures
  A big kobold (D:9)
  16 bullfrogs
  6 scorpions
  A water moccasin skeleton (D:7)
  12 killer bees
  4 wights (D:8)
  4 howler monkeys
  An electric eel (D:15)
  3 lava snakes (Volcano)
  A quasit (D:12)
  2 bullfrog zombies
  15 jellies
  6 centaur skeletons
  4 bullfrog skeletons
  A hound (D:4)
  20 orc priests
  18 orc wizards
  Jessica (D:3)
  4 iguanas
  7 worker ants
  Natasha (D:4)
  17 hell rats
  2 hound skeletons
  3 worker ant zombies
  Robin (D:4)
  3 gnolls (D:4)
  15 adders
  3 shadow imps
  2 ufetubi
  2 oozes
  3 adder skeletons
  4 worms
  2 dart slugs
  3 leopard geckos
  77 orcs
  3 giant cockroaches
  17 goblins
  12 hobgoblins
  12 jackals
  5 quokkas
  A ball python (D:4)
  7 bats
  5 frilled lizards
  17 kobolds
  10 rats
  2 rat zombies (D:4)
  A butterfly (Lair:5)
  5 tentacles (Shoals:2)
822 creatures vanquished.

Vanquished Creatures (collateral kills)
  5 hydras
  A black bear (Lair:5)
6 creatures vanquished.

Vanquished Creatures (others)
  A rime drake (Lair:6)
  A vampire (D:11)
  A hell hound (Volcano)
  A hell rat (Lair:6)
  A quokka (D:15)
  6 bushes (Lair:2)
  65 fungi
  141 plants
  18 tentacles (Shoals:2)
  3 withered plants (Ossuary)
238 creatures vanquished.

Grand Total: 1066 creatures vanquished

Notes
Turn   | Place    | Note
-------+----------+-------------------------------------------
     0 | D:1      | raph the Minotaur Gladiator began the quest for the Orb.
     0 | D:1      | Reached XP level 1. HP: 18/18 MP: 0/0
   290 | D:1      | Reached XP level 2. HP: 25/25 MP: 1/1
  1251 | D:1      | Reached XP level 3. HP: 27/31 MP: 2/2
  1626 | D:2      | Noticed a scorpion
  1630 | D:2      | Killed a scorpion
  1631 | D:2      | Reached skill level 5 in Long Blades
  1631 | D:2      | Reached XP level 4. HP: 34/39 MP: 3/3
  2303 | D:3      | Reached XP level 5. HP: 36/46 MP: 4/4
  2661 | D:3      | Found a sparkling altar of Nemelex Xobeh.
  3151 | D:3      | Noticed Jessica
  3155 | D:3      | Killed Jessica
  3338 | D:3      | Reached XP level 6. HP: 44/53 MP: 5/5
  3631 | D:4      | Noticed Menkaure
  3786 | D:4      | Killed Menkaure
  3787 | D:4      | Reached skill level 5 in Dodging
  4115 | D:4      | Found a sand-covered staircase.
  4122 | Ossuary  | Entered an ossuary
  4765 | D:4      | Noticed Natasha
  4765 | D:4      | Identified the +1 robe of Going Fast {rPois SInv}
  4770 | D:4      | Reached skill level 5 in Fighting
  4774 | D:4      | Killed Natasha
  4775 | D:4      | Reached XP level 7. HP: 60/61 MP: 6/6
  5094 | D:4      | Found a staircase to the Ecumenical Temple.
  5105 | Temple   | Entered the Ecumenical Temple
  5177 | Temple   | Became a worshipper of Makhleb the Destroyer
  5311 | D:4      | Noticed Robin
  5329 | D:4      | Killed Robin
  5460 | D:4      | Noticed Edmund
  5475 | D:4      | Killed Edmund
  5989 | D:5      | Entered Level 5 of the Dungeon
  6030 | D:5      | Reached * piety under Makhleb
  6048 | D:5      | Reached XP level 8. HP: 34/70 MP: 7/7
  6225 | D:5      | Found Cennaryo's Jewellery Emporium.
  6266 | D:5      | Found Qecveis's Weapon Shoppe.
  6324 | D:5      | Found Rerifuul's General Store.
  6329 | D:5      | Bought a +1 pair of gloves for 161 gold pieces
  6661 | D:5      | Found Hobom's Antique Armour Shop.
  6669 | D:5      | Found Feerraub's Distillery.
  7019 | D:5      | Bought a potion of heal wounds for 50 gold pieces
  7594 | D:6      | Noticed Pikel
  7908 | D:6      | Paralysed by Pikel for 2 turns
  7915 | D:6      | Killed Pikel
  7916 | D:6      | Reached skill level 3 in Shields
  7916 | D:6      | Reached skill level 1 in Invocations
  8210 | D:6      | Reached skill level 4 in Shields
  8213 | D:6      | Reached skill level 10 in Long Blades
  8750 | D:6      | Reached XP level 9. HP: 75/75 MP: 9/9
  9866 | D:7      | Reached ** piety under Makhleb
  9869 | D:7      | Noticed Harold
 10079 | D:7      | Found a broken altar of Ashenzari.
 10111 | D:7      | Killed Harold
 10112 | D:7      | Reached skill level 5 in Armour
 10370 | D:7      | Noticed Maggie
 10378 | D:7      | Killed Maggie
 10503 | D:7      | Found a snail-covered altar of Cheibriados.
 10602 | D:7      | Found Ecvoek Hujik's Armour Shoppe.
 10909 | D:8      | Found a staircase to the Lair.
 11219 | D:8      | Reached XP level 10. HP: 83/83 MP: 12/12
 11352 | D:8      | Reached skill level 5 in Invocations
 11629 | Lair:1   | Entered Level 1 of the Lair of Beasts
 12013 | Lair:1   | Noticed Grum
 12032 | Lair:1   | Killed Grum
 12238 | Lair:1   | Reached *** piety under Makhleb
 13125 | Lair:1   | Reached XP level 11. HP: 46/89 MP: 13/15
 14820 | Lair:2   | Noticed Gastronok
 14844 | Lair:2   | Killed Gastronok
 14845 | Lair:2   | Reached skill level 6 in Shields
 15107 | Lair:2   | Reached skill level 7 in Shields
 15623 | Lair:2   | Reached skill level 8 in Shields
 15843 | D:7      | Bought a +0 cloak of willpower for 149 gold pieces
 16288 | Lair:2   | Reached skill level 9 in Shields
 16708 | Lair:3   | Reached XP level 12. HP: 96/96 MP: 17/17
 16750 | Lair:3   | Noticed a five-headed hydra
 16756 | Lair:3   | Killed a five-headed hydra
 16929 | Lair:3   | Reached skill level 10 in Shields
 17556 | Lair:3   | Found a staircase to the Shoals.
 18026 | Lair:3   | Reached skill level 11 in Shields
 18374 | Lair:2   | Reached **** piety under Makhleb
 18426 | Lair:4   | Noticed a seven-headed hydra
 18469 | Lair:4   | Found a hole to the Spider Nest.
 18469 | Lair:4   | Noticed a death yak
 18469 | Lair:4   | Noticed a death yak
 18469 | Lair:4   | Noticed a death yak
 18483 | Lair:3   | Killed a death yak
 18592 | Lair:3   | Killed a death yak
 18593 | Lair:3   | Reached skill level 12 in Shields
 18617 | Lair:4   | Killed a death yak
 19231 | Lair:4   | Reached skill level 13 in Shields
 19565 | Lair:4   | Killed an eight-headed hydra
 20434 | Lair:4   | Reached skill level 14 in Shields
 20856 | Lair:5   | Identified a scroll of acquirement
 20856 | Lair:5   | Acquired the ring "Xaowysm" {Ice MP+9 Str+2 Int+4 Stlth+}
 20917 | Lair:5   | Found a dark tunnel.
 20926 | Volcano  | Entered a volcano
 21125 | Volcano  | Found a burning altar of Makhleb.
 21156 | Volcano  | Reached XP level 13. HP: 84/102 MP: 19/19
 21301 | Volcano  | Noticed a fire dragon
 21370 | Volcano  | Killed a fire dragon
 21508 | Lair:5   | You fall into a shaft and drop 1 floor!
 21508 | Lair:6   | Entered Level 6 of the Lair of Beasts
 21648 | Lair:4   | Reached skill level 15 in Shields
 23420 | Lair:5   | Reached skill level 16 in Shields
 24262 | D:9      | Found a burning altar of Makhleb.
 24382 | D:9      | Found a shimmering blue altar of Sif Muna.
 24512 | D:10     | Entered Level 10 of the Dungeon
 26292 | D:11     | Reached skill level 17 in Shields
 28298 | D:12     | Reached skill level 18 in Shields
 28322 | D:12     | Found a staircase to the Orcish Mines.
 28449 | D:12     | Reached ***** piety under Makhleb
 28757 | D:13     | Found a basalt altar of Yredelemnul.
 28780 | Orc:1    | Entered Level 1 of the Orcish Mines
 29094 | Orc:2    | Entered Level 2 of the Orcish Mines
 29094 | Orc:2    | Noticed an ettin
 29147 | Orc:1    | Reached XP level 14. HP: 83/110 MP: 20/20
 30543 | D:5      | Bought the ring "Olieph" {*Drain rPois rF+++ Will+ Str+3
                  | Stlth+} for 1120 gold pieces
 30605 | D:7      | Bought the +2 pair of boots of Broken Taboos {rN+} for 334
                  | gold pieces
 30929 | Orc:2    | Found Difosm's Distillery.
 30942 | Orc:2    | Bought a potion of haste for 140 gold pieces
 30945 | Orc:2    | Found a staircase to the Elven Halls.
 31246 | Orc:2    | Reached skill level 19 in Shields
 32224 | Orc:2    | Found Zuni's Armour Shop.
 32224 | Orc:2    | Found Azul's Antique Weapon Shop.
 32225 | Orc:2    | Found Howule's Antique Armour Emporium.
 32225 | Orc:2    | Found Miadull's Gadget Emporium.
 33145 | D:13     | Reached skill level 20 in Shields
 33483 | D:13     | Noticed a brown very ugly thing
 33517 | D:13     | Killed a brown very ugly thing
 33747 | D:13     | Noticed Erolcha
 33776 | D:12     | Killed Erolcha
 34287 | D:13     | Reached skill level 21 in Shields
 34996 | D:5      | Bought a scroll of enchant weapon for 105 gold pieces
 34997 | D:5      | Bought a scroll of enchant weapon for 105 gold pieces
 35243 | D:13     | Found a gate to the Vaults.
 35283 | D:13     | Found Lagytos's Blood Bar.
 35492 | D:14     | Found an ornate altar of the Wu Jian Council.
 35691 | D:14     | Reached XP level 15. HP: 115/115 MP: 21/21
 36633 | D:15     | Entered Level 15 of the Dungeon
 36633 | D:15     | Found a white marble altar of Elyvilon.
 36789 | D:15     | Reached skill level 22 in Shields
 37256 | D:15     | Found a staircase to the Depths.
 38049 | D:15     | Found an ornate altar of the Wu Jian Council.
 38485 | Spider:1 | Entered Level 1 of the Spider Nest
 38790 | Lair:6   | Found a staircase to the Slime Pits.
 38797 | Lair:6   | Reached ****** piety under Makhleb
 38882 | Lair:5   | Reached skill level 23 in Shields
 39360 | Lair:6   | Got a polished leather armour
 39371 | Lair:6   | Identified the +2 leather armour of Repues {rElec Dex+4
                  | Stlth+} (You found it on level 6 of the Lair of Beasts)
 39945 | Lair:6   | Got a distressingly furry leather armour
 39956 | Lair:6   | Identified the +2 leather armour "Cowitt" {-Tele Str+2
                  | Int+5} (You found it on level 6 of the Lair of Beasts)
 40664 | Lair:6   | Reached skill level 24 in Shields
 40664 | Lair:6   | Reached XP level 16. HP: 123/123 MP: 22/22
 40843 | Shoals:1 | Entered Level 1 of the Shoals
 42310 | Shoals:2 | Noticed Donald
 42336 | Shoals:2 | Killed Donald
 42502 | Shoals:2 | Noticed Frances
 42540 | Shoals:2 | Killed Frances
 42541 | Shoals:2 | Reached skill level 25 in Shields
 42550 | Shoals:2 | Reached skill level 10 in Invocations
 42660 | Shoals:2 | Reached skill level 1 in Evocations
 42778 | Shoals:2 | Noticed Kirke
 42875 | Shoals:2 | Killed Kirke
 42876 | Shoals:2 | Reached skill level 1 in Crossbows
 42962 | Shoals:2 | Acquired 911 gold pieces
 43063 | Shoals:2 | Noticed a kraken
 44683 | Shoals:2 | Killed from afar by a frost giant

Illustrated notes

Levels and vault maps discovered:
D:1:      zaba_arrival_water, layout_loops_ring, chequers_serial_rivers_micro_a,
          dk_noncrumbling_3, serial_bayou_ford_a, minivault_5
D:2:      layout_loops_cross
D:3:      layout_loops_cross, nemelex_diamond_rough_becter, uniq_jessica
D:4:      layout_cave_pods, minmay_temple_entry_stoned_glass, enter_ossuary_4,
          roderic_st_hans_cross, uniq_menkaure, uniq_robin, uniq_edmund,
          uniq_natasha
D:5:      corexii_shack_village, layout_cave_pools, serial_shops,
          nicolae_shop_waterfront, shop, kennysheep_little_box,
          nicolae_shop_trees, shop_fountains, nrook_mini_backslash,
          grunt_ministairs_15
D:6:      layout_cave_pods, uniq_pikel
D:7:      layout_cave_pools, serial_shops, shop, hangedman_decor_lopped,
          hangedman_feature_mirror, uniq_maggie, uniq_harold
D:8:      layout_loops_cross, lair_entry_dummy
D:9:      layout_long_grid, lemuel_blue_sif_altar, makhleb_blood_cavern_becter
D:10:     layout_roguey, serial_co_window_serial, co_window_paths_a,
          co_window_of_opportunity_a, co_window_corner_a, co_window_paths_a,
          co_window_paths_a, co_window_corner_a, co_window_corner_b,
          co_window_broadway_b, co_window_of_opportunity_b, co_window_paths_c,
          co_window_corner_ca, co_window_cross_3, co_window_sun
D:11:     nzn_motion_control, layout_irregular_city
D:12:     layout_roguey, orc_0_dummy, gauntlet_entry_generic,
          hangedman_abyss_or_decor_stagger, minmay_misc_feat_columns
D:13:     cheibrodos_breeding_chamber, layout_cave_pods, david_vaults_4,
          basic_altar, guppyfry_shop_blood, uniq_erolcha
D:14:     layout_basic, basic_altar, chequers_decorated_corner
D:15:     hangedman_depths_entry_civil_slaughter, layout_basic,
          elyvilon_altar_4, basic_altar, drop_trap, minmay_misc_feat_tower,
          roderic_roman_lattice, serial_bayou_lagoon_a, feat_on_display
Temple:   grunt_wide_crystal_templ
Lair:1:   layout_cave_pods, uniq_grum
Lair:2:   layout_roguey, st_stairs_8, chequers_serial_rivers_small_a,
          minmay_hedge_maze, infiniplex_staircase_pool, uniq_gastronok
Lair:3:   layout_hall_layers, minmay_shoals_entry_hut
Lair:4:   layout_regular_city, dummy_spider_entry
Lair:5:   layout_long_grid, enter_volcano_1, wad_woods_river_01,
          lemuel_fruit_fields
Lair:6:   due_jungle_book, layout_misc_corridors,
          minmay_slime_entry_jelly_boxes, bobbens_dragon_lair_wall,
          lemuel_fruit_tree
Shoals:1: layout_shoals
Shoals:2: layout_shoals, st_sunken_temple, uniq_kirke, uniq_donald, uniq_frances
Spider:1: layout_spider_delve, nicolae_spider_webbed_stairs, uniq_azrael
Orc:1:    layout_caves
Orc:2:    st_orc_elflike, layout_diamond_mine, serial_shops, shop

Skill      XL: |  1  2  3  4  5  6  7  8  9 10 11 12 13 14 15 16 |
---------------+-------------------------------------------------+-----
Long Blades    | 4 5 6 7 8 10 12 13 14 | 14.0
Fighting       | 3 4 5 6 7 |  7.6
Dodging        | 4 5 6 |  6.2
Armour         | 3 5 8 9 |  9.8
Shields        | 4 9 14 18 21 24 25 | 25.0
Invocations    | 2 4 6 9 10 | 10.4
Evocations     | 2 |  2.9
Crossbows      | 4 |  4.0
Throwing       | |  2.0

Action                   |  1- 3 |  4- 6 |  7- 9 | 10-12 | 13-15 | 16-18 || total
-------------------------+-------+-------+-------+-------+-------+-------++-------
Melee: Long sword        |    59 |   132 |   306 |   717 |  1307 |       ||  2521
       Headbutt          |    12 |    27 |    93 |   245 |   797 |   172 ||  1346
       Scimitar          |       |       |       |       |   786 |   502 ||  1288
 Fire: Hand crossbow     |       |       |    26 |   114 |    95 |    42 ||   277
Throw: Throwing net      |       |       |     3 |       |       |       ||     3
       Dart              |       |       |     2 |       |       |       ||     2
Invok: Minor Destruction |       |       |       |    15 |     5 |     5 ||    25
       Lesser Servant of |       |       |       |     1 |     8 |     6 ||    15
       Major Destruction |       |       |       |     1 |     1 |       ||     2
Evoke: Condenser vane    |       |       |       |     1 |       |       ||     1
       Wand              |       |       |       |       |     4 |     4 ||     8
  Use: Scroll            |       |     1 |    24 |     9 |    10 |     3 ||    47
       Potion            |       |       |     1 |     8 |     2 |     8 ||    19
 Stab: Invisible         |       |       |       |       |     2 |       ||     2
       Distracted        |       |       |       |       |       |     1 ||     1
Armor: Leather armour    |    14 |    20 |       |       |       |       ||    34
       Chain mail        |       |    12 |   131 |   359 |   386 |   107 ||   995
       Crystal plate arm |       |       |       |       |       |   196 ||   196
Dodge: Dodged            |    41 |   107 |   132 |   276 |   332 |   235 ||  1123
Block: Buckler           |       |       |    39 |   173 |    87 |       ||   299
       Tower shield      |       |       |       |    62 |  1878 |  1022 ||  2962
       Reflection        |       |       |       |       |    53 |    24 ||    77
       Rpst.: Long sword |    11 |    31 |    27 |    62 |    43 |       ||   174
       Scimitar          |       |       |       |       |    21 |    38 ||    59
